AoeStats
← hans黃

Arena

508813232Analyzed
4v4 RM · 6d ago on Sep 24, 2026· 41m 15s· 8 players
Game mode
Random Map
Map size
Large (8 player)
Population
200
Speed
Normal
Resources
Standard
Victory
Conquest
Starting age
Dark Age
Ending age
Imperial Age
RankedLock teamsTeams togetherTeam positionsShared explorationLock speedFull tech treeHidden civsTurbo modeCheats
Victory
Defeat
🇹🇼 Spanish · Taiwan
1045
+14
🇻🇳 Danes · Vietnam
1019
+15
🇹🇼 Persians · Taiwan
1007
+15
🇹🇼 Turks · Taiwan
970
+17
🇨🇳 Poles · China
1064
-19
🇲🇽 Aztecs · Mexico
1042
-17
🇨🇳 Goths · China
954
-14
🇺🇸 Lithuanians · United States
890
-11
hans黃
10:53 Feudal Age
9:34 Loom
14:33 Castle Age
12:35 Double-Bit Axe
14:08 Horse Collar
18:00 Bow Saw
22:53 Wheelbarrow
22:37 Heavy Plow
24:03 Gold Mining
28:26 Imperial Age
26:37 Bloodlines
26:27 Husbandry
26:40 Forging
27:35 Hand Cart
28:01 Gold Shaft Mining
27:58 Scale Barding Armor
28:28 Iron Casting
29:03 Cavalier
32:56 Chain Barding Armor
33:37 Blast Furnace
34:41 Town Watch
35:32 Conscription
36:21 Ballistics
37:01 Chemistry
37:00 Savar
38:24 Plate Barding Armor
MaxC
11:19 Feudal Age
11:02 Loom
15:38 Castle Age
13:51 Horse Collar
14:37 Double-Bit Axe
15:45 Gold Mining
16:35 Bow Saw
17:29 Scale Barding Armor
22:10 Wheelbarrow
22:10 Heavy Plow
22:44 Stone Mining
24:15 Chain Barding Armor
24:26 Forging
25:48 Bloodlines
26:51 Iron Casting
28:58 Hand Cart
31:33 Imperial Age
29:26 Husbandry
30:43 Padded Archer Armor
30:33 Fletching
31:39 Cavalier
32:47 Conscription
33:01 Town Watch
33:53 Gold Shaft Mining
34:19 Two-Man Saw
33:19 Capped Ram
35:19 Leather Archer Armor
35:17 Elite Janissary
37:37 Artillery
42:24 Ring Archer Armor
42:30 Plate Barding Armor
mishi3222
11:37 Feudal Age
15:49 Castle Age
14:29 Loom
Giờ sao đại ka
9:40 Feudal Age
17:08 Castle Age
15:27 Gold Mining
15:45 Double-Bit Axe
15:45 Horse Collar
20:27 Fervor
29:37 Fletching
33:37 Imperial Age
31:53 Heavy Plow
31:48 Stone Mining
31:48 Loom
33:14 Bow Saw
33:56 Squires
35:04 Scale Mail Armor
35:15 Forging
34:52 Elite Varangian Guard
34:55 Pikeman
40:09 Chain Mail Armor
40:30 Iron Casting
40:51 Hamask
41:53 Conscription
antonio35604
9:22 Feudal Age
14:53 Castle Age
13:13 Horse Collar
13:26 Double-Bit Axe
16:01 Wheelbarrow
15:38 Town Watch
16:31 Heavy Plow
17:12 Bow Saw
22:42 Stone Mining
24:12 Fortified Wall
25:09 Ballistics
25:11 Hand Cart
24:42 Loom
26:09 Fletching
29:47 Imperial Age
27:36 Gold Mining
28:38 Treadmill Crane
30:42 Siege Engineers
31:37 Chemistry
30:35 Bodkin Arrow
31:40 Bracer
32:59 Crop Rotation
35:45 Gold Shaft Mining
36:19 Conscription
36:14 Forging
36:05 Scale Mail Armor
36:28 Garland Wars
36:08 Pikeman
36:51 Squires
40:28 Iron Casting
40:09 Chain Mail Armor
42:19 Blast Furnace
T.S | Mo
3:20 Loom
14:30 Feudal Age
15:06 Double-Bit Axe
15:31 Gold Mining
15:33 Stone Mining
15:26 Horse Collar
27:36 Castle Age
27:40 Wheelbarrow
28:41 Heavy Plow
28:43 Caravan
28:36 Pikeman
29:16 Squires
30:43 Bow Saw
33:21 Imperial Age
30:58 Fletching
32:13 Husbandry
32:23 Bloodlines
32:56 Fervor
36:45 Conscription
37:00 Cavalier
38:18 Forging
38:13 Scale Barding Armor
39:34 Iron Casting
蔡徐坤
10:49 Feudal Age
14:32 Castle Age
12:56 Double-Bit Axe
23:10 Wheelbarrow
22:58 Bow Saw
22:31 Horse Collar
24:53 Stone Mining
25:34 Squires
26:08 Hand Cart
26:38 Stone Shaft Mining
25:53 Gold Mining
26:03 Man-at-Arms
26:04 Pikeman
28:02 Long Swordsman
33:17 Loom
33:17 Town Watch
38:25 Anarchy
39:50 Heavy Plow
岚天神风
10:48 Feudal Age
14:55 Castle Age
13:56 Double-Bit Axe
15:00 Horse Collar
18:16 Town Watch
18:17 Loom
19:28 Fletching
22:34 Bow Saw
23:48 Stone Mining
Connection lost

Rejoining the realm…

Still unreachable

The connection could not be restored.

Session expired

The server has moved on; the page needs a fresh start.